 Dungeon Crawl Stone Soup version 0.23.2-1-ga50397a (webtiles) character file.

Game seed: 2759452410184210645

28894 troglodite the Brawler (level 13, -13/109 HPs)
             Began as a Troll Berserker on May 14, 2019.
             Was a High Priest of Trog.
             Mangled by an ogre
             ... wielding a +0 giant club
              (15 damage)
             ... on level 1 of the Orcish Mines on May 15, 2019.
             The game lasted 00:50:24 (12669 turns).

troglodite the Brawler (Troll Berserker)           Turns: 12669, Time: 00:50:27

Health: -13/109    AC: 11    Str: 28    XL:     13   Next: 12%
Magic:  13/13      EV: 14    Int:  5    God:    Trog [*****.]
Gold:   1387       SH:  0    Dex: 13    Spells: 12/12 levels left

rFire    + . .     SeeInvis +     - Unarmed
rCold    + . .     Gourm    +   (no shield)
rNeg     + . .     Faith    +   e - +0 troll leather armour
rPois    +         Spirit   .   (helmet restricted)
rElec    +         Reflect  .   E - +1 cloak {rPois}
rCorr    .         Harm     .   (gloves unavailable)
MR       .....                  (boots unavailable)
Stlth    ++........             F - amulet of Agnosticism {Faith rElec rC+ Int+2}
HPRegen  1.08/turn              t - ring of positive energy
MPRegen  0.13/turn              q - ring of see invisible

@: berserk cooldown, very slightly contaminated, slowed, very slow
A: large, unfitting armour, beak, claws 3, hooves 2, fire resistance 1, fast
metabolism 3, frail 1, gourmand, high mp 1, regeneration 1, shaggy fur 1, tough
skin 3, sturdy frame 1
a: Berserk, Trog's Hand, Brothers in Arms, Renounce Religion


You were on level 1 of the Orcish Mines.
You worshipped Trog.
Trog was extremely pleased with you.
You were very full.

You visited 3 branches of the dungeon, and saw 14 of its levels.
You also visited: Gauntlet and Ice Cave.

You collected 1387 gold pieces.

Inventory:

Hand Weapons
 n - a +8 arbalest
 y - a +2 scimitar of flaming
 G - the +6 trident of Reapportionment {antimagic, rElec rC- rN+ Str+4}
   (You took it off a minotaur in a Gauntlet)

   It reduces the magical energy of the wielder, and disrupts the spells and
   magical abilities of those hit.
   Natural abilities and divine invocations are not affected.
   It affects your strength (+4).
   It makes you vulnerable to cold.
   It insulates you from electricity.
   It protects you from negative energy.
Missiles
 B - 114 bolts
Armour
 e - a +0 troll leather armour (worn)
 E - a +1 cloak of poison resistance (worn)
Jewellery
 q - a ring of see invisible (right claw)
 t - a ring of positive energy (left claw)
 u - an uncursed ring of poison resistance
 F - the amulet of Agnosticism (around neck) {Faith rElec rC+ Int+2}
   (You took it off a minotaur in a Gauntlet)

   [amulet of faith]

   It allows you to gain divine favour quickly.
   It affects your intelligence (+2).
   It protects you from cold.
   It insulates you from electricity.
Wands
 l - a wand of paralysis (31)
 A - a wand of enslavement (18)
 D - a wand of iceblast (26)
Scrolls
 a - 2 scrolls of fog {unknown}
 f - a scroll of vulnerability {unknown}
 h - a scroll of random uselessness {unknown}
 j - 2 scrolls of fear
 p - a scroll of identify
 r - 5 scrolls of teleportation
 s - 2 scrolls of remove curse
 C - a scroll of acquirement {unknown}
Potions
 c - 2 potions of might
 d - a potion of lignification
 g - a potion of berserk rage
 i - 6 potions of curing
 m - 2 potions of haste
 o - 2 potions of magic
 v - 2 potions of heal wounds
 w - a potion of invisibility
 x - a potion of flight {unknown}
 z - 2 potions of agility
 I - a potion of resistance {unknown}
Comestibles
 b - 26 rations


   Skills:
 * Level 6.4 Fighting
 + Level 0.8 Long Blades
 * Level 2.1 Polearms
 * Level 3.9 Crossbows
 - Level 4.9 Armour
 * Level 8.3 Dodging
 + Level 2.1 Stealth
 * Level 15.9 Unarmed Combat


You had 12 spell levels left.
You didn't know any spells.
Your spell library was empty.

Dungeon Overview and Level Annotations

Branches:
Dungeon (11/15)            Temple (0/1) D:6            Lair (1/6) D:9
    Orc (2/2) D:11            Elf (0/3) Orc:2

Altars:
Dithmenos
Wu Jian

Annotations:
Orc:2 3 runed translucent doors, Aske's ghost, journeyman MiGl


Innate Abilities, Weirdness & Mutations

You are too large for most types of armour.
You have claws for hands.
Your metabolism is lightning-fast.
You like to eat raw meat.
Your natural rate of healing is unusually fast.
You are covered in fur. (AC +1)
You have extremely tough skin. (AC +3)
You have a beak for a mouth.
You have hoof-like feet.
Your flesh is heat resistant. (rF+)
You are frail. (-10% HP)
You have an increased reservoir of magic. (+10% MP)
Your movements are slightly less encumbered by armour. (ER -2)


Message History

The ogre shouts!
A warg comes into view.
The ogre misses you.
Found 37 gold pieces.
There is a stone staircase leading down here.
You scratch the ogre. Your kick misses the ogre. You peck the ogre.
You claw the ogre!
The ogre is severely wounded.
The ogre completely misses you.
An orc warrior comes into view. It is wielding a +0 halberd.
The ogre hits you with a +0 giant club!
* * * LOW HITPOINT WARNING * * *
Unknown command.
The orc warrior shouts!
You eviscerate the ogre!!!
You kill the ogre!
Trog accepts your kill.
You hear a shout! x2
The ogre hits you with a +0 giant club!
You die...

.......... #
....o... . ..
.......#.. #..
##.h.......
....#.........#
..$...........#
#.....O.......#
......)@.#
#...#..........
. .......^.....
...........$...
..#..#.......#.
. #............
## .....#....
.......#..#


You could see a warg, an orc warrior and an ogre.

Vanquished Creatures
  2 stone giants
  A minotaur (Gauntlet)
  A green death (Gauntlet)
  A hydra (D:10)
  2 two-headed ogres
  An ogre mage (Orc:2)
  Erica (Lair:1)
  A death scarab (Gauntlet)
  Urug (Orc:2)
  A wizard (Gauntlet)
  An unseen horror (D:11)
  An orc knight (Orc:2)
  An orc sorcerer (Orc:2)
  A cyclops (D:10)
  3 ugly things
  A centaur zombie (D:10)
  The ghost of Zanta616 the Cutter, a novice KoGl of Ru (D:6)
  An orange demon (Gauntlet)
  An ice statue (IceCv)
  2 spiny frogs (Lair:1)
  A komodo dragon (Lair:1)
  A kobold demonologist (D:11)
  2 trolls
  4 hornets (D:9)
  A polar bear (Lair:1)
  The ghost of MordorOrchid the Sneak, a novice FeTm of Nemelex Xobeh (D:6)
  4 hippogriffs
  A spectral dream sheep (Gauntlet)
  7 yaks (Lair:1)
  2 wyverns
  A hungry ghost (D:9)
  A soldier ant (D:9)
  2 water moccasins (Lair:1)
  2 porcupines (Lair:1)
  13 orc warriors
  13 ice beasts
  2 sky beasts
  A black bear (D:8)
  9 wolves (Lair:1)
  5 centaurs
  12 ogres
  4 crocodiles
  A big kobold (D:7)
  4 bullfrogs
  2 scorpions
  21 wights
  7 howler monkeys
  7 crimson imps
  3 bullfrog zombies
  A jelly (D:5)
  5 hounds
  2 bullfrog skeletons
  9 orc priests
  2 centaur skeletons
  5 iguanas
  18 orc wizards
  9 worker ants
  A hound skeleton (D:5)
  A howler monkey skeleton (D:5)
  A worker ant zombie (D:5)
  19 gnolls
  15 adders
  2 shadow imps
  A white imp (Gauntlet)
  An adder zombie (D:7)
  3 worms
  4 dart slugs
  A leopard gecko (D:4)
  72 orcs
  A ball python (D:3)
  4 bats
  8 giant cockroaches
  2 goblins
  8 hobgoblins
  13 jackals
  2 quokkas
  7 frilled lizards
  15 kobolds
  A quokka zombie (D:6)
  4 rats
  A demonic plant (Gauntlet)
397 creatures vanquished.

Vanquished Creatures (collateral kills)
  A two-headed ogre (Orc:2)
  An orc knight (Orc:2)
  3 oklob plants (Lair:1)
  An ice statue (IceCv)
  An orange demon (Gauntlet)
  2 orc warriors (Orc:2)
  3 ice beasts (Orc:2)
  3 ogres (Orc:2)
  An orc priest (Orc:2)
  An orc wizard (Orc:2)
  An orc (Orc:2)
18 creatures vanquished.

Vanquished Creatures (others)
  3 demonic plants (Gauntlet)
  2 fungi
  13 plants
18 creatures vanquished.

Grand Total: 433 creatures vanquished

Notes
Turn   | Place    | Note
-------+----------+-------------------------------------------
     0 | D:1      | troglodite the Troll Berserker began the quest for the Orb.
     0 | D:1      | Reached XP level 1. HP: 22/22 MP: 0/0
   198 | D:1      | Reached XP level 2. HP: 27/29 MP: 1/1
   756 | D:2      | Reached ** piety under Trog
  1075 | D:2      | Reached XP level 3. HP: 36/36 MP: 2/2
  1656 | D:3      | Found a shadowy altar of Dithmenos.
  1718 | D:3      | Reached XP level 4. HP: 45/45 MP: 3/3
  1834 | D:3      | Reached skill level 4 in Unarmed Combat
  2135 | D:4      | Reached XP level 5. HP: 52/53 MP: 4/4
  2202 | D:4      | Reached *** piety under Trog
  2268 | D:4      | Reached skill level 1 in Armour
  2336 | D:4      | Reached skill level 5 in Unarmed Combat
  2618 | D:4      | Reached XP level 6. HP: 56/61 MP: 5/5
  2895 | D:5      | Entered Level 5 of the Dungeon
  3120 | D:5      | Reached skill level 6 in Unarmed Combat
  3145 | D:5      | Reached XP level 7. HP: 47/67 MP: 6/6
  3152 | D:5      | Reached **** piety under Trog
  3445 | D:5      | Reached skill level 7 in Unarmed Combat
  3759 | D:6      | Reached XP level 8. HP: 39/76 MP: 7/7
  3885 | D:6      | Reached skill level 8 in Unarmed Combat
  4016 | D:6      | Found a staircase to the Ecumenical Temple.
  4324 | D:6      | Reached skill level 9 in Unarmed Combat
  4326 | D:6      | Found a runed translucent gate.
  4326 | D:6      | Found a runed translucent gate.
  4326 | D:6      | Found a runed translucent gate.
  4339 | D:6      | Noticed MordorOrchid's ghost (novice FeTm)
  4339 | D:6      | Noticed Zanta616's ghost (novice KoGl)
  4353 | D:6      | Killed MordorOrchid's ghost
  4362 | D:6      | Killed Zanta616's ghost
  4362 | D:6      | Reached skill level 5 in Dodging
  4362 | D:6      | Reached XP level 9. HP: 84/84 MP: 8/8
  4523 | D:7      | Reached skill level 10 in Unarmed Combat
  4795 | D:7      | Reached ***** piety under Trog
  5342 | D:8      | Reached skill level 11 in Unarmed Combat
  5366 | D:8      | Noticed a two-headed ogre
  5383 | D:8      | Killed a two-headed ogre
  5383 | D:8      | Reached XP level 10. HP: 69/94 MP: 9/9
  5388 | D:8      | Received a gift from Trog
  6641 | D:9      | Reached skill level 12 in Unarmed Combat
  6753 | D:9      | Reached skill level 1 in Crossbows
  6844 | D:9      | Found an ornate altar of the Wu Jian Council.
  6873 | D:9      | Reached skill level 1 in Stealth
  7242 | D:9      | Paralysed by a hornet for 1 turns
  7248 | D:9      | Reached skill level 5 in Fighting
  7395 | D:9      | Found a staircase to the Lair.
  7805 | Lair:1   | Entered Level 1 of the Lair of Beasts
  7906 | Lair:1   | Noticed a spiny frog
  7915 | Lair:1   | Killed a spiny frog
  7930 | Lair:1   | Reached XP level 11. HP: 40/102 MP: 10/10
  8393 | Lair:1   | Gained mutation: Scrolls take you a little longer to read.
                  | [potion of mutation]
  8393 | Lair:1   | Gained mutation: You expend magic power (3 MP) to
                  | strengthen your wands. [potion of mutation]
  8393 | Lair:1   | Gained mutation: Your spells are a little easier to cast,
                  | but a little less powerful. [potion of mutation]
  8393 | Lair:1   | Gained mutation: You have a beak for a mouth. [potion of
                  | mutation]
  8394 | Lair:1   | Lost mutation: You expend magic power (3 MP) to strengthen
                  | your wands. [potion of mutation]
  8394 | Lair:1   | Lost mutation: Your spells are a little easier to cast, but
                  | a little less powerful. [potion of mutation]
  8394 | Lair:1   | Lost mutation: Scrolls take you a little longer to read.
                  | [potion of mutation]
  8394 | Lair:1   | Gained mutation: You are robust. (+10% HP) [potion of
                  | mutation]
  8394 | Lair:1   | Gained mutation: Your muscles are strong. (Str +2) [potion
                  | of mutation]
  8394 | Lair:1   | Gained mutation: You can translocate small distances at
                  | will. [potion of mutation]
  8422 | Lair:1   | Noticed an oklob plant
  8426 | Lair:1   | Noticed an oklob plant
  8429 | Lair:1   | Noticed an oklob plant
  8435 | Lair:1   | Killed an oklob plant
  8435 | Lair:1   | Reached skill level 13 in Unarmed Combat
  8440 | Lair:1   | Killed an oklob plant
  8444 | Lair:1   | Killed an oklob plant
  8444 | Lair:1   | Received a gift from Trog
  8451 | Lair:1   | Got a shimmering sapphire amulet
  8461 | Lair:1   | Identified the amulet "Tuidekk" {RegenMP Dex+4 SInv} (You
                  | found it on level 1 of the Lair of Beasts)
  8569 | Lair:1   | Noticed Erica
  8578 | Lair:1   | Killed Erica
  9100 | Lair:1   | Gained mutation: You are dopey. (Int -2) [potion of
                  | mutation]
  9100 | Lair:1   | Gained mutation: Your flesh is heat resistant. (rF+)
                  | [potion of mutation]
  9101 | Lair:1   | Lost mutation: You can translocate small distances at will.
                  | [potion of mutation]
  9101 | Lair:1   | Lost mutation: You are robust. (+10% HP) [potion of
                  | mutation]
  9101 | Lair:1   | Gained mutation: You have an increased reservoir of magic.
                  | (+10% MP) [potion of mutation]
  9101 | Lair:1   | Gained mutation: You have large cloven feet. [potion of
                  | mutation]
  9102 | Lair:1   | Lost mutation: Your muscles are strong. (Str +2) [potion of
                  | mutation]
  9102 | Lair:1   | Lost mutation: You are dopey. (Int -2) [potion of mutation]
  9102 | Lair:1   | Gained mutation: You are frail. (-10% HP) [potion of
                  | mutation]
  9102 | Lair:1   | Gained mutation: Your movements are slightly less
                  | encumbered by armour. (ER -2) [potion of mutation]
  9102 | Lair:1   | Gained mutation: You have hoof-like feet. [potion of
                  | mutation]
  9525 | D:10     | Entered Level 10 of the Dungeon
  9626 | D:10     | Noticed a six-headed hydra
  9632 | D:10     | HP: 1/93 [five-headed hydra (11)]
  9778 | D:10     | Killed a five-headed hydra
 10010 | D:10     | Reached skill level 14 in Unarmed Combat
 10324 | D:11     | Noticed an unseen horror
 10330 | D:11     | Killed an unseen horror
 10423 | D:11     | Reached XP level 12. HP: 54/101 MP: 12/12
 10608 | D:11     | Found a gate leading to a gauntlet.
 10619 | Gauntlet | Entered a Gauntlet
 10619 | Gauntlet | Found a transporter.
 10619 | Gauntlet | Found a transporter.
 10628 | Gauntlet | Found a transporter.
 10645 | Gauntlet | Found a transporter.
 10669 | Gauntlet | Found a transporter.
 10680 | Gauntlet | Found a transporter.
 10797 | Gauntlet | Found a transporter.
 10797 | Gauntlet | Found a transporter.
 10806 | Gauntlet | Found a transporter.
 10833 | Gauntlet | Noticed a death scarab
 10836 | Gauntlet | Found a transporter.
 10845 | Gauntlet | Noticed a green death
 10847 | Gauntlet | Found a transporter.
 10847 | Gauntlet | Found a transporter.
 10852 | Gauntlet | Found a transporter.
 10890 | Gauntlet | Found a transporter.
 10951 | Gauntlet | Found a transporter.
 10971 | Gauntlet | Found a transporter.
 11169 | Gauntlet | Killed a death scarab
 11247 | Gauntlet | Killed a green death
 11303 | Gauntlet | Identified the +6 trident of Reapportionment {antimagic,
                  | rElec rC- rN+ Str+4}
 11303 | Gauntlet | Identified the amulet of Agnosticism {Faith rElec rC+
                  | Int+2}
 11303 | Gauntlet | Noticed a minotaur
 11317 | Gauntlet | Killed a minotaur
 11517 | D:11     | Found a staircase to the Orcish Mines.
 11873 | Orc:1    | Entered Level 1 of the Orcish Mines
 11881 | Orc:1    | Received a gift from Trog
 12006 | Orc:1    | Noticed a stone giant
 12024 | Orc:1    | Killed a stone giant
 12024 | Orc:1    | Reached skill level 1 in Polearms
 12202 | Orc:2    | Entered Level 2 of the Orcish Mines
 12208 | Orc:2    | Reached skill level 15 in Unarmed Combat
 12238 | Orc:2    | Found a runed translucent gate.
 12239 | Orc:2    | Found a runed translucent gate.
 12241 | Orc:2    | Found a runed translucent gate.
 12242 | Orc:2    | Noticed Aske's ghost (journeyman MiGl)
 12272 | Orc:2    | Found a staircase to the Elven Halls.
 12325 | Orc:2    | Noticed a stone giant
 12338 | Orc:2    | Killed a stone giant
 12349 | Orc:2    | Found a frozen archway.
 12416 | IceCv    | Entered an ice cave
 12417 | IceCv    | Found a transporter.
 12471 | IceCv    | Found a transporter.
 12493 | IceCv    | Got a brightly glowing broad axe
 12499 | IceCv    | Identified the cursed +3 broad axe "Kek Xumi" {venom, rC+
                  | MR- Int+2} (You found it in an ice cave)
 12629 | Orc:2    | Noticed Urug
 12633 | Orc:2    | Noticed a two-headed ogre
 12647 | Orc:2    | Killed Urug
 12647 | Orc:2    | Reached XP level 13. HP: 104/109 MP: 13/13
 12668 | Orc:1    | HP: 1/109 [ogre/+0 giant club (12)]
 12669 | Orc:1    | Mangled by an ogre

Skill      XL: |  1  2  3  4  5  6  7  8  9 10 11 12 13 |
---------------+----------------------------------------+-----
Fighting       | 3 4 5 6 |  6.4
Unarmed Combat | 4 5 6 7 9 11 12 14 15 | 15.9
Dodging        | 3 4 5 6 7 8 |  8.3
Armour         | 1 2 3 4 |  4.9
Crossbows      | 1 3 |  3.9
Stealth        | 1 2 |  2.1
Polearms       | 1 2 |  2.1
Long Blades    | |  0.8

Action                   |  1- 3 |  4- 6 |  7- 9 | 10-12 | 13-15 || total
-------------------------+-------+-------+-------+-------+-------++-------
Melee: Unarmed           |    99 |   163 |   298 |   557 |     9 ||  1126
       Punch             |     3 |     3 |    12 |    29 |     1 ||    48
       Kick              |       |       |       |   104 |     6 ||   110
       Peck              |       |       |       |    86 |     5 ||    91
       Scimitar          |       |       |       |     5 |       ||     5
Invok: Berserk           |       |     1 |     7 |    20 |       ||    28
       Brothers in Arms  |       |       |       |     5 |       ||     5
       Trog's Hand       |       |       |       |     1 |       ||     1
  Use: Scroll            |       |       |       |    24 |     1 ||    25
       Potion            |       |       |       |     5 |       ||     5
 Stab: Sleeping          |       |     1 |     1 |     2 |       ||     4
       Distracted        |       |       |       |     1 |       ||     1
  Eat: Chunk             |    21 |    14 |    26 |    75 |       ||   136
       Ration            |       |       |       |     5 |       ||     5
Armor: Animal skin       |    42 |    53 |    70 |    60 |       ||   225
       Troll leather arm |       |       |       |    60 |     1 ||    61
Dodge: Dodged            |    58 |    70 |   147 |   328 |    12 ||   615
       Rpst.: Scimitar   |       |       |       |     1 |       ||     1
